 Dungeon Crawl Stone Soup version 0.23-a0-487-gc6253629db (webtiles) character file.

110641 magapede the Black Belt (level 16, -3/130 HPs)
             Began as a Demonspawn Transmuter on Dec 1, 2018.
             Was a High Priest of Makhleb.
             Slain by an alligator (8 damage)
             ... on level 3 of the Swamp.
             The game lasted 02:59:22 (36517 turns).

magapede the Black Belt (Demonspawn Transmuter)    Turns: 36517, Time: 02:59:22

Health: -3/130     AC:  7    Str: 14    XL:     16   Next: 7%
Magic:  0/35       EV: 17    Int: 16    God:    Makhleb [*****.]
Gold:   2127       SH:  4    Dex: 18    Spells: 8/28 levels left

rFire    x . .     SeeInvis .     - Unarmed
rCold    + + +     Gourm    .   (shield currently unavailable)
rNeg     + . .     Faith    .   (armour currently unavailable)
rPois    +         Spirit   +   (helmet currently unavailable)
rElec    .         Reflect  +   (cloak currently unavailable)
rCorr    .         Harm     .   (gloves currently unavailable)
MR       +....                  (boots unavailable)
Stlth    ++........             J - +4 amulet of reflection
HPRegen  0.31/turn              R - ring of magical power
MPRegen  0.48/turn              U - ring of positive energy

@: ice-form, studying 2 skills, drained
A: large, frail 1, strong 1, magic shield, magic regeneration
a: End Transformation, Minor Destruction, Lesser Servant of Makhleb, Major
Destruction, Greater Servant of Makhleb, Renounce Religion


You were on level 3 of the Swamp.
You worshipped Makhleb.
Makhleb was extremely pleased with you.
You were near starving.
You were a creature of crystalline ice.
You visited 5 branches of the dungeon, and saw 28 of its levels.
You visited 1 bazaar.
You also visited: Sewer and Ossuary.

You collected 2612 gold pieces.
You spent 485 gold pieces at shops.

Inventory:

Hand Weapons
 b - a +1 hunting sling
Missiles
 a - 377 arrows
 e - 142 sling bullets
 j - 44 poisoned needles
Armour
 o - a +2 leather armour of poison resistance
 p - a +2 pair of gloves (melded)
 t - a +2 cloak (melded)
 x - a +4 troll leather armour
 C - +1 acid dragon scales
 G - the +0 mask of the Dragon {MR+ Slay+3 SInv}
   (You found it on level 4 of the Swamp)

   It affects your accuracy and damage with ranged weapons and melee attacks
   (+3).
   It affects your resistance to hostile enchantments.
   It lets you see invisible.
 K - +0 swamp dragon scales (melded)
 P - a +2 helmet (melded)
 V - the +1 buckler "Zoiwnokut" (melded) {+Inv MR+ Regen+ Str-2}
   (You bought it in a shop in a bazaar)

   It affects your strength (-2).
   It affects your resistance to hostile enchantments.
   It lets you turn invisible.
   It increases your rate of regeneration.
Magical Staves
 v - an uncursed staff of earth {unknown}
Jewellery
 f - the amulet "Niqimext" {Harm *Drain rPois Int+4}
   (You acquired it on level 1 of the Lair of Beasts)

   [amulet of harm]

   It increases damage dealt and taken.
   It affects your intelligence (+4).
   It protects you from poison.
   It causes draining when unequipped.
 w - an uncursed ring of ice
 H - an uncursed amulet of the acrobat
 J - a +4 amulet of reflection (around neck)
 R - a ring of magical power (left front paw)
 U - a ring of positive energy (right front paw)
Wands
 c - a wand of acid (20)
 s - a wand of digging (3)
 A - a wand of iceblast (18)
 I - a wand of flame (47)
 L - a wand of disintegration (39)
 M - a wand of paralysis (29)
 N - a wand of random effects (17)
 Q - a wand of enslavement (10)
Scrolls
 g - a scroll of teleportation
 i - 7 scrolls of identify
 m - 2 scrolls of fog
 n - 2 scrolls of enchant weapon
 y - 4 scrolls of silence
 D - 2 scrolls of remove curse
 F - 3 scrolls of amnesia
 Y - a scroll of brand weapon
Potions
 h - 6 potions of cancellation
 l - 3 potions of curing
 q - a potion of berserk rage
 r - 6 potions of brilliance
 u - 3 potions of mutation
 z - 3 potions of ambrosia
 B - a potion of haste
 E - 2 potions of magic
 S - 2 potions of flight
Books
 O - a manual of Crossbows
 T - a manual of Slings
Miscellaneous
 k - a phantom mirror
Comestibles
 d - 26 rations


   Skills:
 - Level 10.0(9.9) Fighting
 + Level 0.3 Armour
 - Level 10.0 Dodging
 - Level 4.0(3.9) Shields
 - Level 15.0(14.9) Unarmed Combat
 + Level 6.8 Spellcasting
 - Level 5.0 Hexes
 - Level 13.7(13.6) Transmutations
 - Level 5.0 Ice Magic
 - Level 2.0 Poison Magic
 + Level 7.3 Invocations


You had 8 spell levels left.
You knew the following spells:

 Your Spells              Type           Power        Failure   Level  Hunger
a - Beastly Appendage     Tmut           #####.       1%          1    None
b - Sticks to Snakes      Tmut           #####...     1%          2    None
c - Spider Form           Tmut/Pois      ####......   1%          3    ##.....
d - Ice Form              Ice/Tmut       #####...     2%          4    ####...
e - Blade Hands           Tmut           #####.....   1%          5    #####..
f - Yara's Violent Unrav  Hex/Tmut       #####.....   8%          5    #####..

Your spell library contained the following spells:

 Spells                   Type           Power        Failure   Level  Hunger
 Confusing Touch          Hex            ###...       1%          1    None
 Slow                     Hex            ###.....     2%          2    None
 Animate Skeleton         Necr           N/A          13%         1    None
 Apportation              Tloc           #.....       13%         1    None
 Magic Dart               Conj           #...         13%         1    None
 Summon Butterflies       Summ           #.......     13%         1    None
 Summon Small Mammal      Summ           #...         13%         1    None
 Dazzling Spray           Conj/Hex       ##....       14%         3    ##.....
 Searing Ray              Conj           #.....       19%         2    None
 Call Canine Familiar     Summ           #.......     36%         3    ##.....
 Fulminant Prism          Conj/Hex       ##........   41%         4    ####...
 Summon Ice Beast         Ice/Summ       ##......     41%         4    ####...
 Force Lance              Conj/Tloc      #.......     77%         4    ####...
 Iskenderun's Mystic Bla  Conj           #.......     77%         4    ####...
 Summon Mana Viper        Hex/Summ       ##......     77%         5    #####..
 Darkness                 Hex            ###.......   94%         6    #######
 Freezing Cloud           Conj/Ice/Air   ##........   100%        6    #######
 Summon Hydra             Summ           #.........   100%        7    #######


Dungeon Overview and Level Annotations

Branches:
Dungeon (15/15)            Temple (0/1) D:5            Lair (6/6) D:9
  Swamp (4/4) Lair:2       Spider (0/4) Lair:2        Slime (0/5) Lair:5
    Orc (2/2) D:11            Elf (0/3) Orc:2        Vaults (0/5) D:13
 Depths (1/5) D:15

Altars:
Ashenzari
Dithmenos
Gozag
Hepliaklqana
Makhleb
Qazlal
Ru
Uskayaw
Xom
Zin
Beogh

Shops:
D:5 :   Orc:1 ?   Orc:2 =[%[!

Annotations:
D:6 1 runed door, ZanderDzel's ghost, novice MiFi
D:13 exclusion: downstairs
D:15 1 runed door
Swamp:2 exclusion: downstairs
Orc:1 2 runed doors, exclusion: orange crystal statue


Innate Abilities, Weirdness & Mutations

((You have claws for feet.))
((You are partially covered in icy blue scales. (AC +2)))
((You are partially covered in sharp spines.))
When hurt, damage is shared between your health and your magic reserves.
You regenerate magic rapidly.
((Your flesh is heat resistant. (rF+)))
You are frail. (-10% HP)
Your muscles are strong. (Str +2)


Message History

Your smoke demon dies!
You block the alligator's attack. The alligator tail-slaps you.
You hit the alligator. You freeze the alligator.
The alligator is moderately wounded.
The alligator bites you!!
* * * LOW HITPOINT WARNING * * *
The alligator closely misses you. The alligator bites you!!
* * * LOW HITPOINT WARNING * * *
The alligator tail-slaps you but does no damage.
Okay, then.
The alligator completely misses you. The alligator tail-slaps you!
* * * LOW HITPOINT WARNING * * *
The alligator misses you. The alligator tail-slaps you!
* * * LOW HITPOINT WARNING * * *
The alligator barely misses you.
The alligator tail-slaps you but does no damage.
You block the alligator's attack. The alligator tail-slaps you!
* * * LOW HITPOINT WARNING * * *
The alligator misses you. The alligator tail-slaps you!
You die...

.♣....≈♣.♣♣♣.♣.♣.♣.♣
..≈.♣.♣♣♣.♣.♣.♣.≈♣♣♣♣
♣.≈♣.♣.♣§♣.♣.♣♣..♣..♣♣
..≈..≈♣.♣.♣♣♣≈♣.≈....♣
♣.≈♣.♣.♣♣♣...♣.♣t♣≈≈♣♣
♣♣..♣♣♣.≈§♣§♣.♣♣♣.♣..♣
♣♣≈.♣.♣.♣ZZ♣♣.♣≈♣≈≈.♣♣
♣♣♣≈..♣♣♣§♣.♣)♣t≈.≈≈♣
♣..≈.♣.♣♣..≈Y.♣.≈≈♣♣
♣♣≈..≈..♣≈...≈..≈≈.♣
♣♣.≈≈≈.♣..≈≈≈.♣≈≈§♣♣
♣≈.........≈..♣≈.≈♣♣♣♣♣
♣♣.≈≈♣.≈≈≈≈≈≈......≈≈.♣
♣.≈≈≈.≈≈≈..(≈..♣.≈.♣♣♣
♣...≈≈.≈♣≈≈≈≈≈≈≈.≈.♣
♣♣.≈≈≈)♣♣≈≈≈..§≈..♣♣
♣≈≈≈≈))♣.♣≈≈≈.≈≈.♣♣


You could see an alligator.

Vanquished Creatures
  Snorg (Lair:5)
  A fire dragon (Swamp:4)
  Josephine (Swamp:1)
  2 ghost crabs
  Fannar (D:11)
  An ice dragon (D:12)
  6 two-headed ogres
  16 hydras
  3 centaur warriors
  3 death yaks (Lair:6)
  7 alligators
  An orc high priest (Orc:2)
  A tengu warrior (D:13)
  Sonja (Lair:2)
  An unseen horror (D:13)
  3 swamp dragons
  A glowing orange brain (D:15)
  3 lindwurms (Lair:6)
  A wizard (D:13)
  A necromancer (D:13)
  2 orc sorcerers
  9 orc knights (Orc:2)
  4 ugly things (D:15)
  A wolf spider (Lair:2)
  Maurice (D:11)
  A manticore (D:15)
  3 cyclopes
  4 elephants
  3 centaur zombies
  11 black mambas
  A torpor snail (Lair:6)
  6 komodo dragons
  7 rime drakes
  15 spiny frogs
  2 yaktaurs (shapeshifter) (D:15)
  2 kobold demonologists
  A komodo dragon (shapeshifter) (D:15)
  A freezing wraith (D:12)
  7 polar bears
  9 trolls
  5 tyrant leeches
  5 hornets
  3 meliai (D:15)
  A troll (shapeshifter) (D:15)
  Prince Ribbit (D:7)
  13 blink frogs
  5 dream sheep (Lair:6)
  6 bog bodies
  14 slime creatures
  13 hippogriffs
  2 redbacks (Lair:2)
  A spriggan (shapeshifter) (D:15)
  A shadow (D:14)
  2 spriggans (Swamp:3)
  3 wyverns
  24 yaks
  3 wraiths (Swamp:1)
  A human (D:8)
  A basilisk (Lair:6)
  3 hungry ghosts
  A two-headed ogre zombie (D:11)
  11 vampire mosquitoes
  11 swamp worms
  18 insubstantial wisps
  17 water moccasins
  4 wargs (Orc:2)
  3 acid dragons
  11 porcupines
  6 swamp drakes
  4 sky beasts
  31 orc warriors
  A black bear (D:9)
  3 necrophages
  An eye of draining (D:14)
  2 ice beasts
  13 ogres
  A phantom (D:13)
  10 wolves
  9 centaurs
  11 crocodiles
  27 bullfrogs
  5 big kobolds
  A scorpion (shapeshifter) (D:15)
  2 scorpions
  3 troll zombies (D:11)
  3 killer bees (D:10)
  23 wights
  A howler monkey (D:8)
  A bullfrog zombie (D:9)
  2 crimson imps
  A quasit (D:5)
  6 hounds
  19 orc wizards
  13 orc priests
  Crazy Yiuf (D:4)
  5 bullfrog skeletons
  3 jellies
  4 centaur skeletons
  6 iguanas
  Jessica (D:2)
  A hell rat (Lair:6)
  9 worker ants
  4 ogre zombies (D:11)
  12 mummies (Ossuary)
  2 worker ant zombies
  4 gnolls
  11 adders
  An adder (shapeshifter) (D:15)
  A river rat (Sewer)
  A shadow imp (D:6)
  2 oozes
  4 adder skeletons
  A worm (D:4)
  3 dart slugs
  7 leopard geckos
  73 orcs
  8 bats
  5 giant cockroaches
  6 goblins
  10 hobgoblins
  12 jackals
  29 kobolds
  7 quokkas
  15 frilled lizards
  3 gnoll skeletons (Ossuary)
  3 goblin skeletons
  A goblin zombie (D:11)
  A hobgoblin skeleton (D:11)
  A hobgoblin zombie (D:11)
  A kobold skeleton (Ossuary)
  2 leopard gecko zombies
  5 orc skeletons
  16 orc zombies (D:11)
  16 rats
  11 rat skeletons (Ossuary)
  2 fungi (D:9)
  A plant (D:4)
838 creatures vanquished.

Vanquished Creatures (collateral kills)
  A very ugly thing (Swamp:3)
  2 fire dragons
  A catoblepas (Lair:5)
  2 hydras (Swamp:4)
  A two-headed ogre (D:10)
  2 alligators
  A spriggan (Swamp:3)
  3 swamp dragons
  A lindwurm (Swamp:4)
  2 orc knights (Orc:2)
  An ugly thing (D:15)
  A wolf spider (Lair:2)
  An elephant (Lair:2)
  A spiny frog (Lair:4)
  2 komodo dragons (Lair:4)
  A troll (D:10)
  A hornet (Swamp:3)
  2 bog bodies
  2 blink frogs
  5 dream sheep
  A hippogriff (Lair:4)
  A shadow (D:13)
  2 wyverns
  2 hungry ghosts (D:11)
  3 vampire mosquitoes
  A swamp worm (Swamp:1)
  2 wargs (Orc:2)
  2 swamp drakes (Swamp:4)
  8 orc warriors
  3 wolves (Lair:1)
  A gnoll sergeant (D:12)
  3 scorpions
  3 killer bees (D:10)
  A wight (D:10)
  An orc priest (Orc:2)
  A gnoll shaman (D:8)
  A bullfrog skeleton (D:13)
  5 gnolls
  8 orcs
  A hobgoblin skeleton (D:11)
  4 kobolds (D:12)
  An orc zombie (D:11)
88 creatures vanquished.

Vanquished Creatures (others)
  A lindwurm (Swamp:4)
  A swamp dragon (Swamp:4)
  A hornet (Swamp:3)
  6 swamp drakes (Swamp:4)
  An orc (Orc:2)
  A kobold (D:14)
  21 fungi
  29 plants
  2 withered plants (D:6)
63 creatures vanquished.

Grand Total: 989 creatures vanquished

Notes
Turn   | Place    | Note
-------+----------+-------------------------------------------
     0 | D:1      | magapede the Demonspawn Transmuter began the quest for the
                  | Orb.
     0 | D:1      | Reached XP level 1. HP: 15/15 MP: 3/3
   219 | D:1      | Reached skill level 3 in Unarmed Combat
   219 | D:1      | Mutation became permanent: You have razor-sharp toenails.
                  | [demonic ancestry]
   219 | D:1      | Gained mutation: You have claws for feet. [demonic
                  | ancestry]
   219 | D:1      | Reached XP level 2. HP: 19/21 MP: 3/5
   883 | D:1      | Gained mutation: When hurt, damage is shared between your
                  | health and your magic reserves. [demonic ancestry]
   883 | D:1      | Reached XP level 3. HP: 20/27 MP: 4/6
  1330 | D:2      | Noticed Jessica
  1356 | D:2      | Gained mutation: You are frail. (-10% HP) [potion of
                  | mutation]
  1356 | D:2      | Gained mutation: Your flesh is heat resistant. (rF+)
                  | [potion of mutation]
  1356 | D:2      | Gained mutation: Your muscles are strong. (Str +2) [potion
                  | of mutation]
  1362 | D:2      | Reached XP level 4. HP: 29/29 MP: 2/7
  1371 | D:2      | Killed Jessica
  1500 | D:2      | Reached skill level 4 in Unarmed Combat
  1514 | D:2      | Learned a level 2 spell: Sticks to Snakes
  1518 | D:2      | Learned a level 3 spell: Spider Form
  2304 | D:3      | Gained mutation: You regenerate magic rapidly. [demonic
                  | ancestry]
  2304 | D:3      | Reached XP level 5. HP: 35/35 MP: 8/8
  2617 | D:3      | Found a shimmering altar of Xom.
  3035 | D:3      | Reached skill level 1 in Poison Magic
  3048 | D:3      | Found a hazy altar of Hepliaklqana.
  3539 | D:4      | Found an opulent altar of Gozag.
  3547 | D:4      | Gained mutation: You have razor-sharp toenails. [demonic
                  | ancestry]
  3547 | D:4      | Reached XP level 6. HP: 29/42 MP: 2/9
  3802 | D:4      | Found a runed door.
  3806 | D:4      | Noticed Crazy Yiuf
  3814 | D:4      | Killed Crazy Yiuf
  4355 | D:5      | Entered Level 5 of the Dungeon
  4408 | D:5      | Found a staircase to the Ecumenical Temple.
  4491 | D:5      | Noticed an ice beast
  4514 | D:5      | Killed an ice beast
  4514 | D:5      | Reached XP level 7. HP: 47/47 MP: 8/10
  4680 | D:5      | Found a stormy altar of Qazlal.
  4779 | D:5      | Noticed Grinder
  4789 | D:5      | Noticed Grinder
  4789 | D:5      | Grinder changed into Grinder the quasit
  4825 | D:5      | Killed Grinder the quasit
  5031 | D:5      | Found Jeheduu's Book Boutique.
  5048 | D:5      | Reached skill level 5 in Unarmed Combat
  5204 | D:5      | Found a shadowy altar of Dithmenos.
  5207 | D:5      | Found a shattered altar of Ashenzari.
  5221 | D:5      | Found a burning altar of Makhleb.
  5225 | D:5      | Became a worshipper of Makhleb the Destroyer
  5236 | D:5      | Found a hide-covered altar of Uskayaw.
  5634 | D:6      | Got a blackened ring mail
  5720 | D:5      | Identified the cursed +1 ring mail "Hoqoid" {rF+ MP-9
                  | Int+4} (You found it on level 6 of the Dungeon)
  5805 | D:6      | Learned a level 4 spell: Ice Form
  5989 | D:6      | Reached skill level 1 in Ice Magic
  5995 | D:6      | Reached XP level 8. HP: 27/54 MP: 10/12
  6211 | D:6      | Found a glowing drain.
  6215 | Sewer    | Entered a sewer
  6348 | Sewer    | Reached * piety under Makhleb
  6732 | D:6      | Found a runed door.
  6732 | D:6      | Noticed ZanderDzel's ghost (novice MiFi)
  7066 | D:7      | Reached skill level 5 in Fighting
  7070 | D:7      | Reached skill level 6 in Unarmed Combat
  7070 | D:7      | Reached skill level 5 in Transmutations
  7232 | D:7      | Noticed Prince Ribbit
  7242 | D:7      | Killed Prince Ribbit
  7242 | D:7      | Reached skill level 1 in Invocations
  7756 | D:7      | Reached XP level 9. HP: 55/62 MP: 11/13
  7788 | D:7      | Found a sand-covered staircase.
  7796 | Ossuary  | Entered an ossuary
  7934 | Ossuary  | Reached ** piety under Makhleb
  9092 | D:8      | Reached skill level 7 in Unarmed Combat
  9099 | D:8      | Reached *** piety under Makhleb
  9131 | D:8      | Reached skill level 5 in Invocations
  9695 | D:8      | Gained mutation: You are partially covered in icy blue
                  | scales. (AC +2) [demonic ancestry]
  9695 | D:8      | Reached XP level 10. HP: 68/71 MP: 11/14
  9937 | D:9      | Found a staircase to the Lair.
 10227 | D:8      | Reached **** piety under Makhleb
 10439 | D:9      | Noticed a two-headed ogre
 10457 | D:9      | Killed a two-headed ogre
 10457 | D:9      | Reached skill level 8 in Unarmed Combat
 10995 | Lair:1   | Entered Level 1 of the Lair of Beasts
 11088 | Lair:1   | Reached skill level 1 in Shields
 11215 | Lair:1   | Noticed a spiny frog
 11224 | Lair:1   | Killed a spiny frog
 11977 | Lair:1   | Identified a scroll of acquirement
 11980 | Lair:1   | Got a fine bronze amulet
 11981 | Lair:1   | Identified the amulet "Niqimext" {Harm *Drain rPois Int+4}
                  | (You acquired it on level 1 of the Lair of Beasts)
 12201 | Lair:2   | Noticed an elephant
 12203 | Lair:2   | Noticed a black mamba
 12203 | Lair:2   | Noticed an elephant
 12207 | Lair:2   | Noticed an elephant
 12225 | Lair:2   | Killed an elephant
 12225 | Lair:2   | Reached XP level 11. HP: 33/77 MP: 6/15
 12598 | Lair:2   | Reached skill level 9 in Unarmed Combat
 12884 | Lair:2   | Noticed Sonja
 13249 | Lair:2   | Noticed a wolf spider
 13266 | Lair:2   | Killed a wolf spider
 13846 | Lair:2   | Found a hole to the Spider Nest.
 13846 | Lair:2   | Noticed a wolf spider
 13860 | Lair:2   | Killed a wolf spider
 14445 | D:10     | Entered Level 10 of the Dungeon
 14904 | D:10     | Noticed a two-headed ogre
 14912 | D:10     | Killed a two-headed ogre
 15239 | D:10     | Found a sacrificial altar of Ru.
 16255 | D:11     | Reached skill level 10 in Unarmed Combat
 16312 | D:11     | Found a staircase to the Orcish Mines.
 16714 | D:11     | Noticed Fannar
 16734 | D:11     | Killed Fannar
 16935 | D:11     | Noticed Maurice
 16965 | D:11     | Killed Maurice
 16965 | D:11     | Reached skill level 10 in Transmutations
 17406 | Lair:2   | Found a staircase to the Swamp.
 17536 | Lair:2   | Killed Sonja
 17591 | Lair:2   | Reached XP level 12. HP: 82/82 MP: 16/16
 19273 | Lair:4   | Reached skill level 11 in Unarmed Combat
 19274 | Lair:4   | Noticed an eight-headed hydra
 19297 | Lair:4   | Killed an eight-headed hydra
 20119 | Lair:4   | You fall through a shaft!
 20460 | Lair:4   | Noticed a six-headed hydra
 20468 | Lair:4   | Killed a six-headed hydra
 20648 | Lair:4   | Noticed a four-headed hydra
 20656 | Lair:4   | Killed a four-headed hydra
 20784 | Lair:4   | Learned a level 5 spell: Blade Hands
 20879 | Lair:4   | Paralysed by a hornet for 2 turns
 21044 | Lair:5   | Reached skill level 5 in Dodging
 21106 | Lair:5   | Reached ***** piety under Makhleb
 21571 | Lair:5   | Identified Sif Muna's Grimoire of Aerial Curses
 21599 | Lair:5   | Noticed a catoblepas
 21617 | Lair:5   | Killed a catoblepas
 21787 | Lair:5   | Noticed Snorg
 21792 | Lair:5   | Killed Snorg
 21792 | Lair:5   | Gained mutation: You have claws for feet. [demonic
                  | ancestry]
 21792 | Lair:5   | Reached XP level 13. HP: 84/89 MP: 15/17
 22029 | Lair:5   | Found a staircase to the Slime Pits.
 22159 | Lair:6   | Entered Level 6 of the Lair of Beasts
 22175 | Lair:5   | Reached skill level 12 in Unarmed Combat
 24303 | Lair:6   | Reached skill level 13 in Unarmed Combat
 24303 | Lair:6   | Reached skill level 5 in Spellcasting
 24310 | Lair:6   | Learned a level 5 spell: Yara's Violent Unravelling
 24699 | D:11     | Reached skill level 1 in Hexes
 24810 | D:12     | Reached XP level 14. HP: 95/95 MP: 21/21
 26650 | D:13     | Found a gate to the Vaults.
 27519 | D:14     | Reached skill level 5 in Ice Magic
 27715 | D:14     | Reached ****** piety under Makhleb
 27973 | D:14     | Reached skill level 5 in Hexes
 28237 | D:15     | Entered Level 15 of the Dungeon
 28242 | D:15     | Found a runed door.
 28243 | D:15     | Found a glowing silver altar of Zin.
 28243 | D:15     | Noticed a daeva
 28739 | D:15     | Found a gateway to a bazaar.
 28743 | Bazaar   | Entered a bazaar
 28743 | Bazaar   | Found Voxtysk's Magic Scroll Emporium.
 28743 | Bazaar   | Found Kupleukh's Book Shoppe.
 28743 | Bazaar   | Found Qith's Weapon Shoppe.
 28743 | Bazaar   | Found Fidi's Gadget Emporium.
 28743 | Bazaar   | Found Hokuelyr's Assorted Antiques.
 28763 | Bazaar   | Bought a twisted cloak for 114 gold pieces
 28763 | Bazaar   | Bought a faintly humming buckler for 114 gold pieces
 28763 | Bazaar   | Bought a potion of heal wounds for 60 gold pieces
 28769 | Bazaar   | Bought a scroll of blinking for 82 gold pieces
 28769 | Bazaar   | Bought a scroll of blinking for 82 gold pieces
 28769 | Bazaar   | Bought a scroll of teleportation for 33 gold pieces
 28769 | Bazaar   | Identified the cursed +0 cloak of Besm {rC+ MR+ Int-5} (You
                  | bought it in a shop in a bazaar)
 28770 | Bazaar   | Identified the +1 buckler "Zoiwnokut" {+Inv MR+ Regen+
                  | Str-2} (You bought it in a shop in a bazaar)
 28894 | D:15     | Found a staircase to the Depths.
 28937 | D:15     | Reached skill level 14 in Unarmed Combat
 29171 | D:15     | Reached skill level 10 in Dodging
 29499 | D:15     | Found a sacrificial altar of Ru.
 29609 | Orc:1    | Entered Level 1 of the Orcish Mines
 29610 | Orc:1    | Found a burning altar of Makhleb.
 29685 | Orc:1    | Found a runed door.
 29824 | Orc:1    | Found Pel Miaps's Magic Scroll Boutique.
 29845 | Orc:1    | Found the +10 large shield of Ignorance {rN+ Int-4}
 29850 | Orc:1    | Found a runed door.
 30093 | Orc:2    | Entered Level 2 of the Orcish Mines
 30192 | Orc:2    | Gained mutation: You are partially covered in sharp spines.
                  | [demonic ancestry]
 30192 | Orc:2    | Reached XP level 15. HP: 100/100 MP: 22/22
 30335 | Orc:2    | Found Xateasch's Jewellery Shoppe.
 30354 | Orc:2    | Found a staircase to the Elven Halls.
 30669 | Orc:2    | Found Ejeshroh's Distillery.
 30669 | Orc:2    | Found Ykenuk's Antique Armour Shoppe.
 30764 | Orc:2    | Found a roughly hewn altar of Beogh.
 30790 | Orc:2    | Found Vihayd's Food Boutique.
 30790 | Orc:2    | Found Nubri's Armour Shoppe.
 31601 | Depths:1 | Entered Level 1 of the Depths
 31897 | Swamp:1  | Entered Level 1 of the Swamp
 33101 | Swamp:1  | Noticed Josephine
 33124 | Swamp:1  | Killed Josephine
 33823 | Swamp:2  | Reached skill level 10 in Fighting
 34820 | Swamp:3  | HP: 4/103 [ghost crab] (4)]
 35118 | Swamp:3  | Reached skill level 15 in Unarmed Combat
 35818 | Swamp:4  | Entered Level 4 of the Swamp
 36089 | Swamp:4  | Found the +0 mask of the Dragon {MR+ Slay+3 SInv}
 36102 | Swamp:4  | Reached XP level 16. HP: 107/109 MP: 21/25
 36515 | Swamp:3  | HP: 5/130 [alligator (8)]
 36517 | Swamp:3  | Slain by an alligator

Vault maps used:
D:1:      shiori_arrival_elements, minmay_tall_x
D:2:      minivault_19, uniq_jessica
D:3:      nicolae_overflow_hidden_temple, lemuel_doored_altar
D:4:      first_ration, serial_bayou_lagoon_a, nicolae_gozag_seed_capital,
          uniq_crazy_yiuf_cottage
D:5:      grunt_temple_overflow_cloverleaf, minmay_temple_entry_from_below_a,
          basic_altar, serial_shops, nicolae_shop_window_shopping,
          chequers_serial_rivers_micro_a, uniq_grinder
D:6:      gammafunk_ghost_grave, gup_sewer_entry_bowl
D:7:      serial_corexii_hall, corexii_hall_statues_i, corexii_hall_statues_x,
          enter_ossuary_1, uniq_prince_ribbit1
D:8:      grunt_pizzeria, kennysheep_small_spiral
D:9:      lemuel_upstairs_altar, due_lair_maze_entry_diamond
D:10:     basic_altar
D:11:     zombieorc2_lemuel, uniq_fannar, uniq_maurice
D:12:     portal_ice_cave_entry_animals_and_master
D:13:     david_vaults_1
D:14:     skrybe_limestone_x, roderic_lattice_a
D:15:     gammafunk_enter_depths_forms, nicolae_ru_path_of_blood, serial_shops,
          bzr_entry_dummy, lemuel_angel_altar
Lair:1:   grunt_megastairs_1
Lair:2:   skrybe_swamp_entry_bodies, spider_nest_entry_funnel_web, minivault_27,
          lemuel_fruit_tree, uniq_sonja
Lair:4:   cheibrodos_lair_overgrown_chateau, pond, grunt_megastairs_4
Lair:5:   dpeg_slime_entry_corner, minivault_19, grunt_megastairs_2, uniq_snorg
Lair:6:   hangedman_lair_in_review, infiniplex_staircase_pool_2
Swamp:1:  hangedman_swamp_pad, swamp_pool4, infiniplex_staircase_pool,
          uniq_josephine
Swamp:2:  evilmike_swamp_ruin_rubble_2
Swamp:3:  nicolae_swamp_dense_foliage
Swamp:4:  swamp_fiery, swamp_pool2
Orc:1:    basic_altar, serial_shops, nicolae_shop_behind_doors,
          chequers_guarded_unrand_ignorance
Orc:2:    st_orc_town, serial_shops, nicolae_shop_competitors_out_of_business
Depths:1: enter_ziggurat_e, serial_shops, nicolae_shop_crystal,
          pf_hell_entry_great_geh, infiniplex_enter_wizlab_glasses,
          minmay_parallelograms, roderic_serpentine_path,
          chequers_serial_rivers_micro_d, hangedman_decor_opposing,
          hangedman_glass_teeth, fake_guardian_serpent_vault
Bazaar:   bazaar_minmay_row
Sewer:    sewer_co_cracked_pipes
Ossuary:  ossuary_due_small_catacomb

Skill      XL: |  1  2  3  4  5  6  7  8  9 10 11 12 13 14 15 16 |
---------------+-------------------------------------------------+-----
Unarmed Combat | 3 4 5 6 7 8 10 11 13 14 15 | 15.0
Transmutations | 2 3 4 5 6 8 10 11 12 13 | 13.7
Fighting       | 2 3 4 6 7 8 10 | 10.0
Poison Magic   | 1 2 |  2.0
Spellcasting   | 3 5 6 |  6.8
Ice Magic      | 1 2 4 5 |  5.0
Invocations    | 2 6 7 |  7.3
Shields        | 2 3 4 |  4.0
Dodging        | 5 8 10 | 10.0
Hexes          | 1 5 |  5.0
Armour         | |  0.3

Action                   |  1- 3 |  4- 6 |  7- 9 | 10-12 | 13-15 | 16-18 || total
-------------------------+-------+-------+-------+-------+-------+-------++-------
Melee: Unarmed           |   117 |   220 |   496 |   900 |  1439 |    27 ||  3199
       Kick              |    19 |    76 |   136 |   285 |   288 |     8 ||   812
       Headbutt          |     6 |    22 |    54 |    41 |       |       ||   123
       Punch             |     1 |     6 |    11 |    38 |    37 |       ||    93
 Fire: Hunting sling     |       |     8 |     4 |       |       |       ||    12
 Cast: Beastly Appendage |    16 |    23 |    37 |    23 |     1 |       ||   100
       Sticks to Snakes  |       |     9 |    18 |    15 |    10 |       ||    52
       Spider Form       |       |     1 |     5 |     3 |       |       ||     9
       Ice Form          |       |       |       |     8 |    42 |     2 ||    52
       Blade Hands       |       |       |       |     4 |    43 |       ||    47
Invok: Minor Destruction |       |       |    13 |    63 |    55 |       ||   131
       Lesser Servant of |       |       |       |    20 |    33 |     2 ||    55
Evoke: Wand              |       |       |     7 |     5 |     2 |       ||    14
  Use: Potion            |     4 |       |     5 |    16 |     9 |       ||    34
       Scroll            |       |     1 |    19 |    23 |    24 |     1 ||    68
 Stab: Sleeping          |       |       |     2 |     1 |     2 |       ||     5
       Distracted        |       |       |       |     8 |     4 |       ||    12
  Eat: Chunk             |     2 |     4 |     6 |    20 |    32 |       ||    64
       Ration            |       |     2 |     4 |     8 |    11 |       ||    25
Armor: Robe              |    23 |    16 |       |       |       |       ||    39
       Skin              |     8 |     4 |       |    15 |    62 |     7 ||    96
       Leather armour    |       |    30 |   191 |   108 |    72 |    13 ||   414
       Troll leather arm |       |       |       |   254 |   202 |       ||   456
       Swamp dragon scal |       |       |       |       |       |     4 ||     4
Dodge: Dodged            |    71 |   123 |   307 |   601 |   988 |    47 ||  2137
Block: Other             |       |       |       |       |   104 |     5 ||   109
       Buckler           |       |       |       |       |   186 |    17 ||   203
       Reflection        |       |       |       |       |    22 |       ||    22

Table legend:
 A = Non-vault XP
 B = Vault XP
 C = Vault XP percentage of total XP
 D = Non-vault monster count
 E = Vault monster count
 F = Vault count percentage of total count
                 A         B        C        D         E       F
            +---------+---------+-------+---------+---------+-------
      Total |  110372 |   47687 |  30.2 |     668 |     256 |  27.7
            +---------+---------+-------+---------+---------+-------
        D:1 |      34 |      14 |  29.2 |      20 |       4 |  16.7
        D:2 |      94 |      37 |  28.2 |      24 |       1 |   4.0
        D:3 |     155 |       0 |   0.0 |      36 |       0 |   0.0
        D:4 |     249 |      40 |  13.8 |      13 |       1 |   7.1
        D:5 |     357 |      44 |  11.0 |      15 |       1 |   6.2
        D:6 |     429 |       6 |   1.4 |      11 |       4 |  26.7
        D:7 |    1527 |     277 |  15.4 |      24 |       1 |   4.0
        D:8 |    1940 |     196 |   9.2 |      39 |       1 |   2.5
        D:9 |    1653 |     830 |  33.4 |      17 |       7 |  29.2
       D:10 |    3130 |       0 |   0.0 |      34 |       0 |   0.0
       D:11 |    1782 |    2167 |  54.9 |      20 |      38 |  65.5
       D:12 |    4140 |    2676 |  39.3 |      33 |       8 |  19.5
       D:13 |    6300 |    1625 |  20.5 |      31 |       3 |   8.8
       D:14 |    9313 |       0 |   0.0 |      47 |       0 |   0.0
       D:15 |    9982 |    2030 |  16.9 |      27 |       7 |  20.6
     Lair:1 |    2664 |       0 |   0.0 |      20 |       0 |   0.0
     Lair:2 |    5663 |    2297 |  28.9 |      21 |       7 |  25.0
     Lair:3 |    1798 |     171 |   8.7 |       9 |       2 |  18.2
     Lair:4 |    4014 |    5535 |  58.0 |      15 |      24 |  61.5
     Lair:5 |    4442 |    1035 |  18.9 |      19 |       2 |   9.5
     Lair:6 |   13607 |   10316 |  43.1 |      43 |      21 |  32.8
    Swamp:1 |    8196 |    1688 |  17.1 |      22 |       4 |  15.4
    Swamp:2 |    7234 |       0 |   0.0 |      26 |       0 |   0.0
    Swamp:3 |   11580 |     983 |   7.8 |      34 |       1 |   2.9
    Swamp:4 |    3266 |    7896 |  70.7 |       9 |      15 |  62.5
      Orc:1 |    1598 |       0 |   0.0 |      16 |       0 |   0.0
      Orc:2 |    5225 |    7542 |  59.1 |      43 |      59 |  57.8
      Sewer |       0 |      50 | 100.0 |       0 |      14 | 100.0
    Ossuary |       0 |     232 | 100.0 |       0 |      31 | 100.0
            +---------+---------+-------+---------+---------+-------
